 Dungeon Crawl Stone Soup version 0.19-a0-36-g4a0968a (webtiles) character file.

620 protoss039 the Covered (level 7, -1/55 HPs)
             Began as a Human Fighter on May 4, 2016.
             Slain by Sl000nik's ghost (5 damage)
             ... on level 4 of the Dungeon.
             The game lasted 00:42:31 (5315 turns).

protoss039 the Covered (Human Fighter)              Turns: 5315, Time: 00:42:31

Health: -1/55      AC: 13    Str: 19    XL:     7   Next: 74%
Magic:  7/7        EV:  5    Int:  8    God:
Gold:   208        SH:  9    Dex: 10    Spells: 0 memorised, 6 levels left

rFire  . . .     SeeInvis .     a - +2 rapier
rCold  . . .     Gourm    .     d - +0 plate armour
rNeg   . . .     Faith    .     c - +0 shield
rPois  .         Spirit   .     (no helmet)
rElec  .         Dismiss  .     s - +0 cloak
rCorr  .         Reflect  .     (no gloves)
SustAt .         Harm     .     (no boots)
MR     .....                    (no amulet)
Stlth  ..........               g - -2 ring of dexterity (curse)
                                p - +1 ring of evasion

@: not resistant to hostile enchantments, extremely unstealthy
A: no striking features
a: no special abilities


You were on level 4 of the Dungeon.
You were not hungry.

You visited 1 branch of the dungeon, and saw 4 of its levels.

You collected 208 gold pieces.

Inventory:

Hand Weapons
 a - a +2 rapier (weapon)
 u - a +2 flail of distortion
Armour
 c - a +0 shield (worn)
 d - a +0 plate armour (worn)
 m - a troll hide {Purgy}
 s - a +0 cloak (worn)
Jewellery
 g - a cursed -2 ring of dexterity (right hand)
 p - a +1 ring of evasion (left hand)
 w - an uncursed ring of wizardry
Wands
 b - a wand of enslavement (0/24)
Scrolls
 e - 5 scrolls of enchant weapon
Comestibles
 f - 6 bread rations
 i - 3 beef jerkies
 l - a royal jelly
 n - 2 slices of pizza
 o - a meat ration


   Skills:
 + Level 4.7 Fighting
 + Level 3.1 Short Blades
 + Level 5.1 Armour
 + Level 2.2 Dodging
 + Level 4.9 Shields
 + Level 0.6 Evocations


You had 6 spell levels left.
You didn't know any spells.

Dungeon Overview and Level Annotations

Branches:
Dungeon (4/15)
 Temple: D:4-7

Altars:
Ashenzari
Cheibriados
Fedhas
Kikubaaqudgha
Pakellas
Qazlal
Yredelemnul
Zin
The Shining One

Annotations:
D:4 Sl000nik's ghost, novice GrFi


Message History

Zapping:
b - a wand of enslavement {zapped: 14} (will waste charges)
Press: ? - help, Shift-Dir - straight line, f - Sl000nik's ghost
Aim: Sl000nik's ghost (lightly damaged, chance to defeat MR: 25%) Nothing appears to happen.
You block Sl000nik's ghost's attack.
You hit Sl000nik's ghost.
Sl000nik's ghost is lightly damaged.
Sl000nik's ghost hits you but does no damage.
You hit Sl000nik's ghost.
Sl000nik's ghost is moderately damaged.
Sl000nik's ghost hits you!
* * * LOW HITPOINT WARNING * * *
You hit Sl000nik's ghost but do no damage.
Sl000nik's ghost is lightly damaged.
Sl000nik's ghost hits you.
* * * LOW HITPOINT WARNING * * *
Your shield and plate armour prevent you from hitting Sl000nik's ghost.
Sl000nik's ghost is lightly damaged.
Sl000nik's ghost hits you but does no damage.
Sl000nik's ghost hits you.
You die...

#.......##....#
###.......#####.#
#.........#####.##
#.#.............##
#.################
#.#**#_###_##* #
#.##8...8...8##* #
#W##..!......#####
#@#>........._#..#
####.........##..#
*##8...8...8###.#
*##_###_*** #.#
##### *** #.. #.#
### #.# ##########
#.# #.......##
#.####.#####.##


You could see Sl000nik's ghost.

Vanquished Creatures
  Purgy (D:3)
  An ogre (D:4)
  A giant frog (D:4)
  A scorpion (D:4)
  A centaur skeleton (D:4)
  Ijyb (D:3)
  An orc wizard (D:3)
  Natasha (D:2)
  2 worker ants (D:4)
  3 gnolls (D:4)
  6 adders
  5 worms
  A dart slug (D:1)
  4 giant geckos
  7 orcs
  A ball python (D:3)
  A giant cockroach (D:2)
  8 goblins
  7 hobgoblins
  8 jackals
  7 kobolds
  2 quokkas
  A ball python skeleton (D:4)
  7 bats
  4 giant newts
  7 rats
  A withered plant (D:3)
90 creatures vanquished.

Vanquished Creatures (others)
  An orc (D:4)
1 creature vanquished.

Grand Total: 91 creatures vanquished

Notes
Turn   | Place    | Note
--------------------------------------------------------------
     0 | D:1      | protoss039 the Human Fighter began the quest for the Orb.
     0 | D:1      | Reached XP level 1. HP: 18/18 MP: 1/1
   208 | D:1      | Reached XP level 2. HP: 13/24 MP: 2/2
   579 | D:1      | Reached XP level 3. HP: 25/29 MP: 3/3
  1271 | D:2      | Reached XP level 4. HP: 30/36 MP: 4/4
  1955 | D:2      | Found a snail-covered altar of Cheibriados.
  2308 | D:3      | Noticed Purgy
  2406 | D:3      | Noticed Ijyb
  2486 | D:3      | Noticed Natasha
  2645 | D:3      | Killed Ijyb
  2645 | D:3      | Reached XP level 5. HP: 28/42 MP: 5/5
  2659 | D:2      | Killed Natasha
  2757 | D:3      | Reached skill level 4 in Armour
  2840 | D:3      | Found an ancient bone altar of Kikubaaqudgha.
  2843 | D:3      | Found a blossoming altar of Fedhas.
  2924 | D:3      | Killed Purgy
  2924 | D:3      | Reached skill level 1 in Dodging
  2924 | D:3      | Reached XP level 6. HP: 48/48 MP: 6/6
  3245 | D:3      | Found a basalt altar of Yredelemnul.
  3577 | D:4      | Noticed Sl000nik's ghost (novice GrFi)
  4083 | D:4      | Reached XP level 7. HP: 52/54 MP: 7/7
  4140 | D:4      | Found a stormy altar of Qazlal.
  4140 | D:4      | Found a shattered altar of Ashenzari.
  4141 | D:4      | Found a glowing silver altar of Zin.
  5037 | D:4      | Reached skill level 5 in Armour
  5297 | D:4      | Found a glowing golden altar of the Shining One.
  5299 | D:4      | Found an oddly glowing altar of Pakellas.
  5315 | D:4      | Slain by Sl000nik's ghost

Vault maps used:
D:1:      tarquinn_simple_flora_water_b
D:2:      cheibriados_altar_1
D:3:      grunt_temple_overflow_growth_and_decay, yredelemnul_altar_generic,
          grunt_decor_arrowhead, minmay_splitting_lines, uniq_natasha,
          uniq_purgy, uniq_iyjb
D:4:      nicolae_overflow_hidden_temple, first_bread

Skill      XL: |  1  2  3  4  5  6  7 |
---------------+----------------------+-----
Armour         | 4 5 |  5.1
Shields        | 4 |  4.9
Fighting       | 4 |  4.7
Dodging        | 1 2 |  2.2
Short Blades   | 3 |  3.1
Evocations     | |  0.6

Action                   |  1- 3 |  4- 6 |  7- 9 || total
-------------------------+-------+-------+-------++-------
Melee: Rapier            |   140 |   334 |    99 ||   573
Evoke: Wand              |       |     3 |     3 ||     6
  Use: Potion            |     1 |     3 |     3 ||     7
       Scroll            |     2 |     5 |     3 ||    10
  Eat: Chunk             |     1 |     3 |       ||     4
       Meat ration       |       |     2 |       ||     2
       Bread ration      |       |     1 |       ||     1
Armor: Scale mail        |    10 |       |       ||    10
       Plate armour      |    97 |   217 |    37 ||   351
       Skin              |       |    55 |       ||    55
Dodge: Dodged            |    15 |    89 |    13 ||   117
Block: Shield            |    80 |   168 |    64 ||   312
